 Dungeon Crawl Stone Soup version 0.30-a0-627-gc11e7ae810 (webtiles) character file.

Game seed: 13444694338481256528

1596 Ijustatesigmund the Chiller (level 8, -1/57 (61) HPs)
             Began as a Barachi Ice Elementalist on Jan 10, 2023.
             Was a Believer of Cheibriados.
             Slain by a wight
             ... wielding a +3 battleaxe
              (7 damage)
             ... on level 6 of the Dungeon on Jan 12, 2023.
             The game lasted 00:16:19 (6704 turns).

Ijustatesigmund the Chiller (BaIE)                  Turns: 6704, Time: 00:16:20

HP:   -1/57 (61)    AC:  8    Str: 21    XL:     8   Next: 93%
MP:   15/15         EV: 12    Int: 22    God:    Cheibriados [**....]
Gold: 410           SH:  0    Dex: 18    Spells: 6/16 levels left

rFire   . . .      SeeInvis .    h - +0 falchion
rCold   + . .      Faith    .    (no shield)
rNeg    + . .      Spirit   .    a - +2 robe {rN+}
rPois   .          Reflect  .    g - +2 helmet
rElec   .          Harm     .    o - +0 cloak
rCorr   .          Rampage  .    (no gloves)
Will    .....                    (no boots)
Stlth   ++                       (no amulet)
HPRegen 0.29/turn                f - ring of protection from cold
MPRegen 0.14/turn                u - +6 ring of strength

@: drained, very slow
A: amphibious, slowness 1, strong legs 1, +LOS
a: Hop, Renounce Religion, Bend Time


You were on level 6 of the Dungeon.
You worshipped Cheibriados.
Cheibriados was pleased with you.
You visited 2 branches of the dungeon, and saw 7 of its levels.
You also visited: Ossuary.

You collected 410 gold pieces.

Inventory:

Hand Weapons
 c - a +1 vampiric dagger
 h - a +0 falchion (weapon)
Armour
 a - a +2 robe of positive energy (worn)
 g - a +2 helmet (worn)
 o - a +0 cloak (worn)
Jewellery
 f - a ring of protection from cold (left hand)
 u - a +6 ring of strength (right hand)
Scrolls
 d - 5 scrolls of teleportation
 e - a scroll of identify
 j - a scroll of blinking
 p - a scroll of torment
 q - a scroll of fear {unknown}
 r - a scroll of vulnerability {unknown}
 s - 2 scrolls of magic mapping
 t - 3 scrolls of enchant armour {unknown}
Potions
 b - 7 potions of heal wounds
 i - a potion of invisibility
 k - a potion of curing
 l - a potion of lignification
 m - 2 potions of attraction
 n - 2 potions of brilliance


   Skills:
 - Level 4.4 Fighting
 + Level 5.1 Long Blades
 - Level 2.1 Dodging
 - Level 1.7 Stealth
 + Level 4.9 Spellcasting
 + Level 3.8 Conjurations
 - Level 7.4 Ice Magic
 + Level 3.5 Earth Magic
 + Level 3.0 Invocations


You had 6 spell levels left.
You knew the following spells:

 Your Spells              Type           Power      Damage    Failure   Level
a - Freeze                Ice            100%       1d10      1%          1
b - Frozen Ramparts       Ice            76%        1d12      1%          3
c - Ozocubu's Armour      Ice            38%        N/A       1%          3
d - Stone Arrow           Conj/Erth      42%        3d9       7%          3

Your spell library contained the following spells:

 Spells                   Type           Power      Damage    Failure   Level
 Sandblast                Erth           40%        2d10      2%          1
 Passwall                 Tmut/Erth      10%        N/A       8%          2
 Summon Ice Beast         Ice/Summ       21%        N/A       22%         4
 Call Canine Familiar     Summ           5%         N/A       30%         3
 Portal Projectile        Hex/Tloc       10%        N/A       30%         3
 Animate Armour           Summ/Erth      26%        N/A       45%         4
 Leda's Liquefaction      Hex/Erth       6%         N/A       45%         4
 Lehudib's Crystal Spear  Conj/Erth      10%        10d4      100%        8


Dungeon Overview and Level Annotations

Branches:
Dungeon (6/15)             Temple (1/1) D:4         Ossuary (visited)

Altars:
Ashenzari
Cheibriados
Elyvilon
Fedhas
Gozag
Hepliaklqana
Kikubaaqudgha
Makhleb
Okawaru
Qazlal
Ru
Sif Muna
Trog
Uskayaw
Vehumet
Wu Jian
Xom
Zin


Innate Abilities, Weirdness & Mutations

You are amphibious.
You cover ground slowly.
You can hop short distances.
You have an extended range of vision and can be seen from far away.


Message History

The gnoll is severely wounded.
The gnoll closely misses you.
You barely miss the gnoll.
The gnoll is severely wounded.
The gnoll completely misses you.
You hit the gnoll.
The gnoll is almost dead.
The gnoll misses you.
You completely miss the gnoll.
The gnoll is almost dead.
The gnoll hits you with a +0 spear.
You slash the gnoll!
You kill the gnoll!
Cheibriados appreciates the change of pace.
No target in view!
No target in view!
You now have 410 gold pieces (gained 13).
Items here: )) ††.
You see here a +0 spear.
Found a stone staircase leading up.
A wight comes into view. It is wielding a +3 battleaxe.
A wight comes into view.
It is wielding a +4 scimitar of freezing.
The gnoll shouts!
You hear a shout!
A wight comes into view. It is wielding a +2 falchion.
The wight moves out of view.
A wight comes into view. It is wielding a +3 dagger.
The wight closely misses you. The gnoll hits you with a +0 flail!
The wight hits you with a +3 battleaxe! You partially resist.
You feel drained. The wight attacks as you move away!
The wight hits you with a +3 battleaxe! The gnoll hits you with a +0 flail.
The wight hits you with a +3 battleaxe!
* * * LOW HITPOINT WARNING * * *
You partially resist.
You feel drained.
* * * LOW HITPOINT WARNING * * *
The gnoll attacks as you move away! The gnoll hits you with a +0 flail.
* * * LOW HITPOINT WARNING * * *
The gnoll closely misses you.
A wight comes into view. It is wielding a +5 short sword.
The wight hits you with a +3 battleaxe!
You die...

....z....#8###8###
..................
#.######......$....g.....
...............<. .O...g.
#..#.#...# ###⌠###
#zz#.#...#########
#z.#.#...........#
#gz#.#.....#.#.#.#
#@##.#.....#.#.#.#
########.##.#.....#.#.#.#
....................)...)
#######..#.###.###..#..##
#.##.# #.# #....... #.
... ..........##
...................
##.##.....#.#.....## #.
#.....#.#.....#


You could see 5 wights and a gnoll.

Vanquished Creatures
  3 black bears
  An ogre (D:6)
  A centaur (D:5)
  A bullfrog (D:6)
  2 elf zombies (Ossuary)
  A scorpion (D:6)
  3 centaur zombies (Ossuary)
  6 hounds
  A jelly (D:5)
  4 orc priests
  A gnoll bouda (D:6)
  2 iguanas
  2 orc wizards
  2 hound zombies (Ossuary)
  3 mummies (Ossuary)
  Robin (D:2)
  6 gnolls (D:6)
  5 adders
  3 shadow imps
  An ufetubus (D:6)
  3 adder zombies (Ossuary)
  2 worms
  4 dart slugs
  17 orcs
  5 ball pythons
  8 endoplasms
  4 giant cockroaches
  A gnoll zombie (Ossuary)
  12 goblins
  18 hobgoblins
  3 quokkas
  10 bats
  A frilled lizard (D:3)
  A goblin zombie (Ossuary)
  2 hobgoblin zombies (Ossuary)
  6 jackal zombies (Ossuary)
  4 kobolds
  5 kobold zombies (Ossuary)
  2 orc zombies (Ossuary)
  4 quokka zombies (Ossuary)
  4 rats
  3 rat zombies (Ossuary)
168 creatures vanquished.

Notes
Turn   | Place    | Note
-------+----------+-------------------------------------------
     0 | D:1      | Ijustatesigmund the Barachi Ice Elementalist began the
                  | quest for the Orb.
     0 | D:1      | Reached XP level 1. HP: 13/13 MP: 3/3
   104 | D:1      | Reached skill level 5 in Ice Magic
   149 | D:1      | Reached skill level 1 in Fighting
   152 | D:1      | Reached XP level 2. HP: 11/21 MP: 1/5
   698 | D:1      | Reached XP level 3. HP: 26/27 MP: 3/6
   788 | D:1      | Learned a level 3 spell: Frozen Ramparts
  1264 | D:2      | Noticed Robin
  1284 | D:2      | Killed Robin
  1286 | D:2      | Reached XP level 4. HP: 27/34 MP: 3/7
  1384 | D:2      | Noticed a black bear
  1401 | D:2      | Killed a black bear
  1402 | D:2      | Reached skill level 6 in Ice Magic
  1402 | D:2      | Reached XP level 5. HP: 37/42 MP: 2/8
  2293 | D:3      | Found a faded altar of an unknown god.
  2831 | D:4      | Reached skill level 1 in Long Blades
  2831 | D:4      | Reached XP level 6. HP: 49/49 MP: 5/9
  2915 | D:4      | Reached skill level 7 in Ice Magic
  3345 | D:4      | Reached XP level 7. HP: 18/55 MP: 6/11
  3603 | D:4      | Learned a level 3 spell: Ozocubu's Armour
  3607 | D:4      | Learned a level 3 spell: Stone Arrow
  3984 | D:4      | Found a staircase to the Ecumenical Temple.
  3990 | Temple   | Entered the Ecumenical Temple
  4109 | Temple   | Became a worshipper of Cheibriados the Contemplative
  4201 | D:5      | Entered Level 5 of the Dungeon
  4355 | D:5      | Reached skill level 1 in Conjurations
  4355 | D:5      | Reached skill level 1 in Earth Magic
  4448 | D:5      | Reached skill level 1 in Invocations
  4697 | D:5      | Found a sand-covered staircase.
  4703 | Ossuary  | Entered an ossuary
  4906 | Ossuary  | Reached XP level 8. HP: 39/61 MP: 9/14
  5268 | Ossuary  | Reached * piety under Cheibriados
  5803 | D:5      | Reached ** piety under Cheibriados
  6047 | D:5      | Upgraded the game from 0.30-a0-620-g0e44632947 to
                  | 0.30-a0-627-gc11e7ae810
  6575 | D:6      | Reached skill level 5 in Long Blades
  6704 | D:6      | Slain by a wight

Illustrated notes

Levels and vault maps discovered:
D:1:      dpeg_arrival_rooms_b, layout_rooms
D:2:      layout_loops_ring, uniq_robin
D:3:      layout_rooms, hellmonk_ecumenical_altar_zigzags, serial_bayou_crossing
D:4:      layout_basic, minmay_temple_entry_enclosed_plants,
          serial_corexii_hall, corexii_hall_statues_l, corexii_hall_statues_x,
          minmay_misc_feat_square
D:5:      layout_loops_corners, nicolae_ossuary_entry_plus
D:6:      layout_basic, serial_corexii_hall, corexii_hall_statues_i,
          corexii_hall_statues_x, chequers_hall_statues_corner_a,
          ebering_ghost_gozag
Temple:   compressed_dpeg_circular_temple

Skill      XL: |  1  2  3  4  5  6  7  8 |
---------------+-------------------------+-----
Ice Magic      | 5 6 7 |  7.4
Fighting       | 1 2 4 |  4.4
Long Blades    | 1 2 3 5 |  5.1
Spellcasting   | 3 4 |  4.9
Conjurations   | 2 3 |  3.8
Earth Magic    | 2 3 |  3.5
Invocations    | 1 3 |  3.0
Dodging        | |  2.1
Stealth        | |  1.7

Action                   |  1- 3 |  4- 6 |  7- 9 || total
-------------------------+-------+-------+-------++-------
Melee: Short sword       |    26 |       |       ||    26
       Dagger            |    16 |    59 |       ||    75
       Falchion          |       |    73 |   268 ||   341
       Punch             |       |     3 |     6 ||     9
 Cast: Freeze            |    33 |     3 |     1 ||    37
       Frozen Ramparts   |     2 |    21 |    32 ||    55
       Stone Arrow       |       |       |     3 ||     3
  Use: Potion            |     2 |       |       ||     2
       Scroll            |       |     3 |     8 ||    11
 Stab: Sleeping          |     2 |       |     1 ||     3
Armor: Robe              |    16 |    34 |   158 ||   208
Dodge: Dodged            |    46 |    99 |   203 ||   348

Table legend: (Time is in decaauts)
 A = Elapsed time spent in this place.
 B = Non-inter-level travel time spent in this place.
 C = Inter-level travel time spent in this place.
 D = Time resting spent in this place.
 E = Time spent auto-exploring this place.
 F = Levels seen in this place.
 G = Mean time per level.
                   A        B        C        D        E       F      G
               +--------+--------+--------+--------+--------+-----+--------+
         Total |   7876 |   7583 |    293 |   1435 |   4794 |   8 |  984.5 |
       Dungeon |   6571 |   6289 |    282 |    909 |   4372 |   6 | 1095.2 |
        Temple |    153 |    143 |     10 |      0 |     87 |   1 |  153.0 |
       Ossuary |   1151 |   1151 |      0 |    526 |    334 |   1 | 1151.0 |
               +--------+--------+--------+--------+--------+-----+--------+

Top non-repeatable levels by time:
     D:5: 1706 daAuts
     D:4: 1431 daAuts
     D:1: 1231 daAuts
 Ossuary: 1151 daAuts
     D:2: 960 daAuts
     D:3: 920 daAuts
     D:6: 320 daAuts
  Temple: 153 daAuts
